 Dungeon Crawl Stone Soup version 0.17-a0-2122-g03d97ec (webtiles) character file.

3809 Ordine the Grappler (level 9, 0/92 HPs)
             Began as a Troll Monk on Oct 20, 2015.
             Slain by a ghost moth (1 damage)
             ... on level 3 of the Lair of Beasts.
             The game lasted 00:21:55 (7567 turns).

Ordine the Grappler (Troll Monk)                    Turns: 7567, Time: 00:21:56

Health: 0/92       AC:  7    Str: 21    XL:     9   Next: 96%
Magic:  0/8        EV: 13    Int:  6    God:
Gold:   438        SH:  0    Dex: 15    Spells: 0 memorised, 8 levels left

rFire  . . .     SeeInvis .       - Unarmed
rCold  . . .     Clarity  .     a - +1 robe
rNeg   . . .     SustAt   +     (no shield)
rPois  .         Gourm    +     (helmet restricted)
rElec  .         Spirit   +     u - +0 cloak {+Inv}
rCorr  .         Warding  .     (gloves unavailable)
rMut   .         Stasis   .     (boots unavailable)
MR     .....                    k - amulet of guardian spirit
Stlth  ++........               (no ring)
                                i - ring of sustain attributes

@: invisible, not resistant to hostile enchantments, unstealthy
A: unfitting armour, claws 3, fast metabolism 3, gourmand, regeneration 2,
shaggy fur 1, tough skin 2
a: no special abilities


You were on level 3 of the Lair of Beasts.
You were full.

You visited 3 branches of the dungeon, and saw 13 of its levels.

You collected 438 gold pieces.

Inventory:

Armour
 a - a +1 robe (worn)
 u - a +0 cloak of invisibility (worn)
Jewellery
 i - a ring of sustain attributes (left claw)
 k - an amulet of guardian spirit (around neck)
Wands
 n - a wand of digging (10)
 p - a wand of fire (10)
 r - a wand of lightning (6)
 s - a wand of draining (7)
 t - a wand of polymorph (6)
Scrolls
 c - 4 scrolls of remove curse
 m - 2 scrolls of magic mapping
Potions
 d - 2 potions of might
 f - 2 potions of haste
 j - a potion of cure mutation
 l - 2 potions of curing
 q - a potion of heal wounds
 v - 2 potions of lignification {unknown}
Comestibles
 b - 5 bread rations
 g - a slice of pizza
 h - 5 meat rations
 o - a beef jerky
 w - 2 fruits


   Skills:
 + Level 6.4 Fighting
 + Level 6.4 Dodging
 - Level 1.1 Stealth
 * Level 10.8 Unarmed Combat


You had 8 spell levels left.
You didn't know any spells.

Dungeon Overview and Level Annotations

Branches:
Dungeon (8/15)             Temple (1/1) D:6            Lair (4/8) D:8
  Swamp: Lair:3-6    Shoals: Lair:3-6     Snake: Lair:3-6    Spider: Lair:3-6

Altars:
Ashenzari
Cheibriados
Dithmenos
Elyvilon
Fedhas
Gozag
Kikubaaqudgha
Makhleb
Nemelex Xobeh
Okawaru
Qazlal
Ru
Sif Muna
Trog
Vehumet
Xom
Yredelemnul
Zin
The Shining One

Shops:
D:4 (   D:8 :


Innate Abilities, Weirdness & Mutations

You are too large for most types of armour.
You have claws for hands.
Your metabolism is lightning-fast.
You like to eat raw meat.
You heal very quickly.
You are covered in fur (AC +1).
You have very tough skin (AC +2).


Message History

Evoking this partially-identified wand wasted a few charges.
You feel you are being watched by something.
Something hits you but does no damage.
Deactivating autopickup; reactivate with Ctrl-A.
Something hits you!
* * * LOW HITPOINT WARNING * * *
You feel clumsy for a moment.
Something stings you but does no damage.
Unknown command.
Unknown command.
Read which item? (? for menu, Esc to quit)
Okay, then.
Drink which item? (? for menu, Esc to quit)
You fade into invisibility!
Something hits you.
* * * LOW HITPOINT WARNING * * *
Something hits you.
* * * LOW HITPOINT WARNING * * *
You feel weakened for a moment. Something stings you.
You die...

...#...............#
........#..###.....#
...#....##..##.....#
...# ..........#
..... ..........##
...#. #....#.....#
...P. #####.....##
..... #.##{...##
#....@...#
.....#....##
.....P....#
.....P....#
.....#....#
..........#
.....P.....
..........##


There were no monsters in sight!

Vanquished Creatures
  3 spiny frogs
  A komodo dragon (Lair:2)
  Eustachio (D:5)
  A porcupine (Lair:1)
  A phantom (D:7)
  An ice beast (D:7)
  A crocodile (Lair:1)
  A water moccasin (Lair:1)
  A centaur (D:4)
  An ogre (D:5)
  A necrophage (D:7)
  Blork the orc (D:5)
  A big kobold (D:7)
  6 giant frogs
  3 scorpions
  4 wights (D:6)
  2 giant frog zombies
  5 crimson imps
  An orc wizard (D:6)
  2 hounds (D:4)
  A wasp zombie (D:7)
  A centaur skeleton (D:4)
  A jelly (D:8)
  An iguana (D:8)
  Ijyb (D:2)
  Jessica (D:3)
  Natasha (thrice) (D:3)
  9 worker ants
  8 adders
  11 river rats (Lair:2)
  4 gnolls (D:3)
  2 shadow imps
  2 oozes (D:1)
  3 adder skeletons
  3 worms
  12 orcs
  2 ball pythons
  8 bats
  5 goblins
  9 hobgoblins
  12 jackals
  12 kobolds
  6 giant cockroaches
  5 giant geckos
  4 giant newts
  A jackal zombie (D:5)
  5 quokkas
  A quokka skeleton (D:8)
  A quokka zombie (D:5)
  5 rats (D:1)
177 creatures vanquished.

Notes
Turn   | Place    | Note
--------------------------------------------------------------
     0 | D:1      | Ordine the Troll Monk began the quest for the Orb.
     0 | D:1      | Reached XP level 1. HP: 22/22 MP: 0/0
    39 | D:1      | Reached XP level 2. HP: 27/29 MP: 1/1
   414 | D:1      | Reached XP level 3. HP: 36/36 MP: 2/2
  1047 | D:2      | Noticed Ijyb
  1058 | D:2      | Killed Ijyb
  1168 | D:2      | Reached XP level 4. HP: 43/45 MP: 3/3
  1840 | D:3      | Reached skill level 5 in Unarmed Combat
  2112 | D:3      | You fall through a shaft!
  2118 | D:4      | Reached XP level 5. HP: 44/53 MP: 2/4
  2462 | D:3      | Noticed Jessica
  2462 | D:3      | Noticed Natasha
  2469 | D:3      | Killed Natasha
  2472 | D:3      | Killed Jessica
  2616 | D:3      | Noticed Natasha
  2619 | D:3      | Killed Natasha
  2626 | D:3      | Noticed Natasha
  2630 | D:3      | Killed Natasha
  2630 | D:3      | Reached XP level 6. HP: 52/61 MP: 5/5
  2707 | D:4      | Reached skill level 6 in Unarmed Combat
  2883 | D:4      | Found Aclugel's Antique Weapon Shop.
  2948 | D:4      | Reached XP level 7. HP: 68/68 MP: 6/6
  3315 | D:5      | Entered Level 5 of the Dungeon
  3382 | D:5      | Reached skill level 7 in Unarmed Combat
  3388 | D:5      | Noticed Blork the orc
  3397 | D:5      | Killed Blork the orc
  3421 | D:5      | Found a shattered altar of Ashenzari.
  3509 | D:5      | Noticed Eustachio
  3771 | D:5      | Killed Eustachio
  3771 | D:5      | Reached XP level 8. HP: 79/79 MP: 7/7
  3915 | D:5      | Reached skill level 8 in Unarmed Combat
  4116 | D:6      | Found an ancient bone altar of Kikubaaqudgha.
  4333 | D:6      | Found a staircase to the Ecumenical Temple.
  4350 | Temple   | Entered the Ecumenical Temple
  4709 | D:6      | Noticed Ordine's ghost (novice MiGl)
  4743 | D:6      | Reached skill level 5 in Dodging
  4745 | D:6      | Reached skill level 5 in Fighting
  4864 | D:6      | Identified a scroll of acquirement
  5377 | D:7      | Found an iron altar of Okawaru.
  5384 | D:7      | Reached skill level 9 in Unarmed Combat
  5636 | D:7      | Reached XP level 9. HP: 85/88 MP: 6/8
  5753 | D:8      | Found a shimmering altar of Xom.
  5788 | D:8      | Found a staircase to the Lair.
  5795 | D:8      | Found a sparkling altar of Nemelex Xobeh.
  6018 | D:8      | Found Piudda's Book Emporium.
  6113 | D:8      | Found a stormy altar of Qazlal.
  6546 | D:8      | Found a deep blue altar of Sif Muna.
  6558 | D:8      | Found a blossoming altar of Fedhas.
  6692 | Lair:1   | Entered Level 1 of the Lair of Beasts
  6748 | Lair:1   | Noticed a spiny frog
  6768 | Lair:1   | Killed a spiny frog
  6825 | Lair:1   | Reached skill level 10 in Unarmed Combat
  6897 | Lair:1   | Noticed a spiny frog
  6905 | Lair:1   | Killed a spiny frog
  7121 | Lair:2   | Noticed a komodo dragon
  7129 | Lair:2   | Killed a komodo dragon
  7367 | Lair:3   | Noticed a spiny frog
  7378 | Lair:3   | Killed a spiny frog
  7558 | Lair:4   | Noticed a five-headed hydra
  7558 | Lair:4   | Noticed an eight-headed hydra
  7559 | Lair:4   | Noticed an entropy weaver
  7559 | Lair:4   | a five-headed hydra changed into an entropy weaver
  7566 | Lair:3   | an entropy weaver changed into something unseen
  7567 | Lair:3   | HP: 2/92 [something (5)]
  7567 | Lair:3   | Slain by a ghost moth

Vault maps used:
D:1:      erik_arrival_gehennom, serial_corexii_hall, corexii_hall_statues_l,
          corexii_hall_statues_s
D:2:      first_bread, uniq_iyjb
D:3:      uniq_jessica, uniq_natasha
D:4:      serial_shops, shop
D:5:      cheibrodos_ashenzari_chains, uniq_eustachio, uniq_blork_the_orc
D:6:      lemuel_coloured_pillars_altar, minmay_temple_entry_mist
D:7:      lemuel_doored_altar
D:8:      nicolae_overflow_crystal_walls, old_standard_altar,
          amethyst_overflow_temple_binary, lair_0_dummy, basic_altar,
          serial_shops, shop
Temple:   oiseaux_autumnal_temple_12
Lair:2:   columned_hall_lemuel
Lair:3:   basic_altar, serial_bayou_shore_b
Lair:4:   infiniplex_staircase_pool_2, uniq_maud

Action                   |  1- 3 |  4- 6 |  7- 9 || total
-------------------------+-------+-------+-------++-------
Melee: Unarmed           |    87 |   150 |   313 ||   550
Evoke: Wand              |       |       |     2 ||     2
  Use: Scroll            |     4 |     3 |    12 ||    19
       Potion            |       |       |     2 ||     2
 Stab: Sleeping          |     3 |     2 |     3 ||     8
       Distracted        |       |     1 |     1 ||     2
  Eat: Chunk             |     8 |    19 |    39 ||    66
       Bread ration      |     1 |       |       ||     1
